Map: Eternal Empire LE

Players

Maxilicious

  • Race: Terran Terran
  • Spawn Location: 1:00

A.I. 1 (Very Easy) - Winner!

  • Race: Protoss Protoss
  • Spawn Location: 7:00

VOD

Have the link to the VOD?

Description

Time

  • Played on: May 12, 2020, 7:30 a.m.
  • Length: 6:32
Show
View Real Time Build Order
Export as new Build Order

Maxilicious Terran 

Build Orders: Reaper Expand 

Get SALT Encoding   

  12  0:01  SCV  
  13  0:13  SCV  
  14  0:17  Supply Depot  
  14  0:25  SCV  
  15  0:39  SCV  
  15  0:40  Barracks  
  16  0:45  Refinery  
  16  0:51  SCV  
  17  1:03  SCV  
  18  1:15  SCV  
  19  1:27  Orbital Command  
  19  1:28  Reaper  
  20  1:44  Command Center  
  20  1:53  SCV  
  21  1:57  Supply Depot  
  21  2:00  Marine  
  22  2:06  SCV  
  23  2:13  Factory  
  23  2:22  SCV  
  24  2:25  Barracks Reactor, Bunker  
  24  2:29  Refinery  
  24  2:34  SCV  
  25  2:46  SCV  
  26  2:57  Orbital Command  
  26  2:59  SCV  
  26  3:02  Starport  
  29  3:05  Widow Mine  
  29  3:09  Marine  
  29  3:10  Marine  
  29  3:11  SCV  
  32  3:23  SCV  
  32  3:24  SCV  
  34  3:28  Marine  
  34  3:29  Marine  
  34  3:30  Widow Mine  
  38  3:35  SCV  
  38  3:36  SCV  
  38  3:39  Medivac  
  42  3:44  Supply Depot  
  42  3:47  SCV, Marine x2  
  45  3:48  SCV  
  45  3:52  Factory Tech Lab  
  45  3:55  Supply Depot  
  46  4:05  SCV x2  
  48  4:11  Supply Depot  
  48  4:12  Siege Tank  
  51  4:19  Liberator  
  51  4:22  SCV x2, Marine x2  
  58  4:31  Supply Depot  
  58  4:34  SCV x2  
  60  4:38  Command Center  
  60  4:42  Marine x2  
  60  4:45  Siege Tank  
  65  4:47  SCV x2  
  67  4:59  SCV x2  
  69  5:07  Barracks  
  69  5:08  Barracks  
  69  5:11  Refinery  
  69  5:12  Refinery  
  69  5:14  SCV x2  
  69  5:15  Engineering Bay  
  69  5:16  Engineering Bay  
  69  5:20  Starport Tech Lab  
  71  5:26  Marine x2  
  71  5:28  Siege Tank  
  76  5:29  SCV x2  
  76  5:35  Supply Depot  
  78  5:37  Supply Depot  
  78  5:50  SCV x2, Orbital Command  
  78  5:52  Starport Reactor  
  80  6:06  SCV x2  
  82  6:18  SCV x2, Barracks x2  
  87  6:25  Factory Reactor  
Show
View Real Time Build Order
Export as new Build Order

A.I. 1 (Very Easy) Protoss - Winner!

Build Orders: 1 Gate Expand, Nexus First 

Get SALT Encoding   

  12  0:00  Probe  
  13  0:13  Probe  
  14  0:19  Pylon  
  14  0:42  Gateway  
  14  1:01  Nexus  
  14  1:20  Pylon  
  14  1:21  Zealot  
  14  1:24  Assimilator  
  16  1:38  Probe, Cybernetics Core  
  17  1:50  Probe  
  18  2:00  Probe  
  18  2:01  Assimilator  
  18  2:07  Stalker  
  19  2:08  Probe  
  22  2:17  Probe  
  23  2:26  Probe, Warp Gate  
  24  2:33  Probe  
  25  2:40  Probe  
  26  2:54  Probe  
  27  3:00  Probe  
  27  3:02  Assimilator  
  27  3:04  Pylon  
  28  3:09  Probe  
  28  3:12  Probe  
  29  3:17  Robotics Facility  
  30  3:20  Probe  
  31  3:30  Probe  
  31  3:32  Zealot  
  31  3:34  Probe  
  35  3:45  Probe  
  36  3:52  Probe  
  37  3:59  Probe  
  38  4:05  Probe, Observer  
  40  4:12  Probe  
  40  4:16  Probe  
  41  4:19  Assimilator  
  41  4:23  Probe  
  42  4:26  Observer  
  44  4:35  Probe  
  45  4:40  Pylon  
  45  4:42  Probe  
  46  4:49  Probe, Sentry  
  49  4:56  Probe  
  50  6:01  Probe  
  39  6:12  Probe  
  39  6:15  Sentry  
  39  6:16  Probe  
Tags
 
Add a new tag
Caveats
  • Supply blocks, unpowered buildings, or Contaminate may cause inaccurate times.
  • Supply counts are checked every 10 seconds.